 Dungeon Crawl Stone Soup version 0.31-a0-876-gfe8ebadbca (webtiles) character file.

Game seed: 3434417070258029178

115 kae the Vexing (level 4, 0/32 HPs)
             Began as a Demonspawn Enchanter on Oct 13, 2023.
             Hit by a boomerang thrown by an orc (1 damage)
             ... on level 3 of the Dungeon.
             The game lasted 00:01:32 (2121 turns).

kae the Vexing (Demonspawn Enchanter)               Turns: 2121, Time: 00:01:32

Health: 0/32       AC:  4    Str:  8    XL:     4   Next: 68%
Magic:  3/7        EV: 12    Int: 18    God:
Gold:   36         SH:  4    Dex: 14    Spells: 2/7 levels left

rFire   . . .        a - +1 dagger
rCold   . . .        (no shield)
rNeg    . . .        b - +0 robe
rPois   .            i - +0 helmet
rElec   .            (no cloak)
rCorr   .            k - +0 pair of gloves
SInv    .            (no boots)
Will    .....        A - amulet of the acrobat
Stlth   ++           (no ring)
HPRegen 0.25/turn    (no ring)
MPRegen 0.10/turn

%: acrobat
@: brilliant
A: powered by pain 1, condensation shield, weakness stinger 1
a: no special abilities


You were on level 3 of the Dungeon.
You visited 1 branch of the dungeon, and saw 3 of its levels.

You collected 36 gold pieces.


Innate Abilities, Weirdness & Mutations

You sometimes gain a little power by taking damage.
A meltable shield of frost defends you. (SH +4)
You have a small tail.


   Skills:
 + Level 1.0 Fighting
 * Level 2.1 Short Blades
 + Level 2.2 Dodging
 + Level 3.0 Stealth
 + Level 2.2 Spellcasting
 * Level 3.7 Hexes
 + Level 0.9 Ice Magic


You had 2 spell levels left.
You knew the following spells:

 Your Spells              Type           Power      Damage    Failure   Level
a - Ensorcelled Hibernat  Hex/Ice        30%        N/A       10%         2
b - Confusing Touch       Hex            23%        N/A       12%         3

Your spell library contained the following spells:

 Spells                   Type           Power      Damage    Failure   Level
 Cigotuvi's Dreadful Rot  Necr/Pois/Air  6%         N/A       26%         2
 Tukima's Dance           Hex            23%        N/A       12%         3
 Dazzling Flash           Conj/Hex       26%        N/A       24%         3
 Dispel Undead            Necr           3%         3d7       87%         4
 Death Channel            Necr           1%         N/A       100%        6

Inventory:

Hand Weapons
 a - a +1 dagger (weapon)
Missiles
 e - 11 stones
 f - a throwing net {=f!f}
Armour
 b - a +0 robe (worn)
 i - a +0 helmet (worn)
   (You found it on level 1 of the Dungeon)
 k - a +0 pair of gloves (worn)
   (You found it on level 2 of the Dungeon)
Jewellery
 A - an amulet of the acrobat (around neck)
   (You found it on level 2 of the Dungeon)
Potions
 c - 2 potions of invisibility

Dungeon Overview and Level Annotations

Branches:
Dungeon (3/15) Zot: 15892

Altars:

*,***,,*****,* **~ *,,,,,,,,,,,,*
##♣♣. ******,******* #.... ***
*,* #.### **,** *,* #....
**,*,***,* #.... ****,***,#*,**
#######.... ,,,,**
**....##########...##.....
,***,***,....oo{@.....#.#.##.....
,****,*,*#....#######...#........
,,,,**,**##.*,* #.....#####..###.
,**,**,****,*,**#.###...#...># #.
,**,**,,,,,,,,,,,,......#.##.# ##
,**,*******+*,**,**##.#...##.#
,**,* **,,,,,,,,,,..#..###.####
,**,* **,,,,,**,***###.†# #....<
,,*,* **,,,,,,,*,**,,....# ######


You could see 2 orcs.


Message History

You lost 2 mp, and now have 3/7 mp.
Casting: Ensorcelled Hibernation (safe; 10% risk of failure)
Confirm with . or Enter, or press ? or * to list all spells.
Aiming: Ensorcelled Hibernation (safe; 10% risk of failure)
Press: ? - help, Shift-Dir - straight line, f/p - orc wizard
Aim: an orc wizard, wielding a +0 dagger and wearing a +0 robe (chance to affect: 44%)
You miscast Ensorcelled Hibernation.
You are very lightly contaminated with residual magic.
Nothing appears to happen.
The orc wizard hits you with a +0 dagger. 😮 MP[-2]
You lost 2 mp, and now have 1/7 mp.
Casting: Ensorcelled Hibernation (safe; 10% risk of failure)
Confirm with . or Enter, or press ? or * to list all spells.
You don't have enough magic to cast this spell.
You hit the orc wizard but do no damage.
Your tail-slap misses the orc wizard.
The orc wizard gestures at you while chanting.
You resist with some effort.
You barely miss the orc wizard. The orc wizard completely misses you.
You closely miss the orc wizard.
The orc wizard hits you with a +0 dagger. 😮 HP[-1]
You take 1 damage, and now have 20/32 hp.
You closely miss the orc wizard.
Your tail-slap misses the orc wizard.
The orc wizard hits you but does no damage.
You hit the orc wizard.
The orc wizard hits you but does no damage. 😮 HP[+1]
You miss the orc wizard.
The orc wizard hits you with a +0 dagger. 😮 HP[-1]
You take 1 damage, and now have 20/32 hp.
You hit the orc wizard but do no damage.
The orc wizard gestures wildly while chanting.
The orc wizard flickers and vanishes!
Deactivating autopickup; reactivate with Ctrl-A.
You hit something.
Your tail-slap misses something.
Something hits you but does no damage. 😮 MP[+1]
You hit something but do no damage. Your punch misses something.
Your magical contamination has completely faded away. 😮 HP[+1]
You closely miss something. Something hits you. 😮 HP[-1]
You take 1 damage, and now have 20/32 hp.
You miss something.
The orc throws a boomerang.
The boomerang completely misses you. Something hits you but does no damage.
You closely miss something.
You hear some strange, mumbled words.
A magic dart appears from out of thin air!
The magic dart hits you. 😮 HP[-2]
You take 2 damage, and now have 18/32 hp.
You closely miss something.
Your tail-slap misses something.
Something hits you.
* * * LOW HITPOINT WARNING * * *
😨 HP[-2]
You take 2 damage, and now have 16/32 hp.
You closely miss something. Something hits you.
* * * LOW HITPOINT WARNING * * *
You miss something. Something hits you but does no damage.
You hit something. Something hits you but does no damage.
The orc throws a boomerang.
The boomerang closely misses you.
You barely miss something.
You hear some strange, mumbled words.
A magic dart appears from out of thin air!
The magic dart hits you!
* * * LOW HITPOINT WARNING * * *
The orc throws a boomerang.
The boomerang closely misses you. 😨 HP[-7]
You take 7 damage, and now have 9/32 hp.
MASSIVE DAMAGE!! (PAUSE)
You completely miss something. Something hits you.
* * * LOW HITPOINT WARNING * * *
You miss something. 😨 MP[+1]
You hit something but do no damage. Something hits you.
* * * LOW HITPOINT WARNING * * *
😱 HP[-2]
You take 2 damage, and now have 7/32 hp.
You closely miss something.
Your tail-slap misses something.
Something hits you but does no damage.
You closely miss something. Something hits you.
* * * LOW HITPOINT WARNING * * *
😱 HP[-2]
You take 2 damage, and now have 5/32 hp.
You aren't carrying any items that you can evoke.
Unknown command.
It was a potion of cancellation.
You feel magically purged. Something hits you.
* * * LOW HITPOINT WARNING * * *
The orc throws a boomerang.
The boomerang barely misses you. 😱 HP[-1]
You take 1 damage, and now have 4/32 hp.
It was a potion of brilliance.
You feel clever all of a sudden. Something hits you.
* * * LOW HITPOINT WARNING * * *
The orc throws a boomerang.
The boomerang hits you.
You die...

Skill      XL: |  1  2  3  4 |
---------------+-------------+-----
Short Blades   | 1 2 |  2.1
Dodging        | 2 |  2.2
Stealth        | 3 |  3.0
Fighting       | 1 |  1.0
Spellcasting   | |  2.2
Hexes          | |  3.7
Ice Magic      | |  0.9

Action                     |  1- 3 |  4- 6 || total
---------------------------+-------+-------++-------
  Melee: Dagger            |   117 |    66 ||   183
         Tailslap          |     7 |     6 ||    13
   Cast: Ensorcelled Hiber |     9 |     5 ||    14
    Use: Scroll            |       |     4 ||     4
         Potion            |       |     2 ||     2
   Stab: Sleeping          |     8 |     4 ||    12
 Armour: Robe              |    36 |    45 ||    81
  Dodge: Dodged            |    65 |    43 ||   108
  Block: Other             |    12 |     7 ||    19

Levels and vault maps discovered:
D:1:      roderic_chinese_lattice_arrival, layout_loops_corners
D:2:      layout_loops_ring, palyth_stone_intersect
D:3:      layout_loops_corners, serial_bayou_crossing

Notes
Turn   | Place    | Note
-------+----------+-------------------------------------------
     0 | D:1      | kae the Demonspawn Enchanter began the quest for the Orb.
     0 | D:1      | Reached XP level 1. HP: 13/13 MP: 3/3
     0 | D:1      | magus.rc [v1.11.3]
    42 | D:1      | HP: 1/13 [quokka (3)]
    89 | D:1      | You pick up a book of Decay and begin reading...
    89 | D:1      | You add the spells Cigotuvi's Dreadful Rot, Dispel Undead
                  | and Death Channel to your library.
   187 | D:1      | Reached skill level 1 in Short Blades
   429 | D:1      | HP: 3/13 [frozen (3)]
   470 | D:1      | Gained mutation: You have a small tail. [demonic ancestry]
   470 | D:1      | Reached XP level 2. HP: 14/19 MP: 5/5
   506 | D:1      | Learned a level 2 spell: Ensorcelled Hibernation
   742 | D:1      | Reached skill level 2 in Dodging
  1004 | D:2      | Gained mutation: A meltable shield of frost defends you.
                  | (SH +4) [demonic ancestry]
  1004 | D:2      | Reached XP level 3. HP: 22/25 MP: 3/6
  1008 | D:2      | Learned a level 3 spell: Confusing Touch
  1186 | D:2      | HP: 6/25 [poisoned by an adder]
  1604 | D:2      | Reached skill level 3 in Stealth
  1719 | D:2      | Gained mutation: You sometimes gain a little power by
                  | taking damage. [demonic ancestry]
  1719 | D:2      | Reached XP level 4. HP: 21/31 MP: 4/7
  1976 | D:3      | Reached skill level 1 in Fighting
  1976 | D:3      | Reached skill level 2 in Short Blades
  2117 | D:3      | HP: 7/32 [something (2)]
  2121 | D:3      | HP: 1/32 [something (3)]
  2121 | D:3      | Hit by a boomerang thrown by an orc

Vanquished Creatures
  A hound (D:3)
  4 adders (D:2)
  A dart slug (D:1)
  2 orcs (D:3)
  3 endoplasms
  2 giant cockroaches
  4 goblins
  5 hobgoblins
  2 jackals (D:3)
  2 quokkas (D:1)
  2 ball pythons
  5 bats
  2 frilled lizards
  4 kobolds
  5 rats
44 creatures vanquished.

Table legend:
 A = Non-vault XP
 B = Vault XP
 C = Vault XP percentage of total XP
 D = Non-vault monster count
 E = Vault monster count
 F = Vault count percentage of total count
                 A         B        C        D         E       F
            +---------+---------+-------+---------+---------+-------
      Total |     165 |       0 |   0.0 |      44 |       0 |   0.0
            +---------+---------+-------+---------+---------+-------
        D:1 |      28 |       0 |   0.0 |      17 |       0 |   0.0
        D:2 |      74 |       0 |   0.0 |      18 |       0 |   0.0
        D:3 |      63 |       0 |   0.0 |       9 |       0 |   0.0
            +---------+---------+-------+---------+---------+-------

Skill      XL: |  1  2  3  4 |
---------------+-------------+-----
Short Blades   | 1 2 |  2.1
Dodging        | 2 |  2.2
Stealth        | 3 |  3.0
Fighting       | 1 |  1.0
Spellcasting   | |  2.2
Hexes          | |  3.7
Ice Magic      | |  0.9

Action                     |  1- 3 |  4- 6 || total
---------------------------+-------+-------++-------
  Melee: Dagger            |   117 |    66 ||   183
         Tailslap          |     7 |     6 ||    13
   Cast: Ensorcelled Hiber |     9 |     5 ||    14
    Use: Scroll            |       |     4 ||     4
         Potion            |       |     2 ||     2
   Stab: Sleeping          |     8 |     4 ||    12
 Armour: Robe              |    36 |    45 ||    81
  Dodge: Dodged            |    65 |    43 ||   108
  Block: Other             |    12 |     7 ||    19

Illustrated notes

Table legend:
 A = Kills in this place as a percentage of kills in the entire game.
 B = Kills by you in this place as a percentage of kills by you in the entire game.
 C = Kills by friends in this place as a percentage of kills by friends in the entire game.
 D = Other kills in this place as a percentage of other kills in the entire game.
 E = Experience gained in this place as a percentage of experience gained in the entire game.
 F = Experience gained in this place divided by the number of levels of this place that you have seen.
                   A       B       C       D       E      F
               +-------+-------+-------+-------+-------+----------------------
         Total | 100.0 | 100.0 |   N/A |   N/A | 100.0 |  55.0
       Dungeon | 100.0 | 100.0 |   N/A |   N/A | 100.0 |  55.0
               +-------+-------+-------+-------+-------+----------------------

Table legend: (Time is in decaauts)
 A = Elapsed time spent in this place.
 B = Non-inter-level travel time spent in this place.
 C = Inter-level travel time spent in this place.
 D = Time resting spent in this place.
 E = Time spent auto-exploring this place.
 F = Levels seen in this place.
 G = Mean time per level.
                   A        B        C        D        E       F      G
               +--------+--------+--------+--------+--------+-----+--------+
         Total |   2107 |   1959 |    148 |      8 |   1559 |   3 |  702.3 |
       Dungeon |   2107 |   1959 |    148 |      8 |   1559 |   3 |  702.3 |
               +--------+--------+--------+--------+--------+-----+--------+

Top non-repeatable levels by time:
     D:1: 973 daAuts
     D:2: 918 daAuts
     D:3: 215 daAuts
